AoeStats
← erdidd

Nomad

507558915Analyzed
2v2 RM · 12d ago on Sep 18, 2026· 55m 28s· 4 players
Game mode
Random Map
Map size
176×176
Population
200
Speed
Normal
Resources
Standard
Victory
Conquest
Starting age
Dark Age
Ending age
Imperial Age
RankedLock teamsTeams togetherTeam positionsShared explorationLock speedFull tech treeHidden civsTurbo modeCheats
Victory
Defeat
🇦🇷 Portuguese · Argentina
935
+14
🇹🇷 Huns · Türkiye
857
+18
🇹🇷 Mongols · Türkiye
897
-16
🇹🇷 Lithuanians · Türkiye
897
-16
Segbuzz
11:26 Loom
14:40 Feudal Age
15:41 Double-Bit Axe
15:38 Horse Collar
20:32 Stone Mining
20:32 Gold Mining
23:15 Wheelbarrow
25:22 Castle Age
23:44 Forging
23:35 Scale Mail Armor
27:24 Stone Shaft Mining
27:16 Heavy Plow
27:28 Bow Saw
27:37 Hand Cart
27:00 Pikeman
27:41 Squires
28:44 Chain Mail Armor
29:05 Iron Casting
32:19 Fletching
32:35 Scale Barding Armor
33:28 Bodkin Arrow
33:51 Bloodlines
33:43 Husbandry
33:28 Elite Skirmisher
34:14 Thumb Ring
35:23 Crossbowman
41:12 Imperial Age
38:28 Town Watch
42:57 Cavalier
45:07 Tower Shields
45:16 Padded Archer Armor
erdidd
16:46 Feudal Age
17:26 Fishing Lines
17:59 Gold Mining
21:31 Wheelbarrow
20:38 Horse Collar
20:44 Double-Bit Axe
24:21 Forging
28:53 Castle Age
30:48 Iron Casting
30:13 Scale Mail Armor
30:42 Bow Saw
30:47 Gillnets
31:08 Medium Warships
32:23 Hand Cart
32:27 Bloodlines
32:02 Demolition Ship
33:35 Heavy Plow
36:02 Ballistics
37:40 Stone Mining
38:15 Murder Holes
41:05 Scale Barding Armor
43:03 Thumb Ring
45:38 Gold Shaft Mining
45:39 Stone Shaft Mining
47:31 Nomads
51:14 Imperial Age
49:41 Elite Skirmisher
51:38 Elite Mangudai
55:47 Loom
55:47 Town Watch
Godo Piquetero
4:12 Loom
14:58 Feudal Age
15:34 Horse Collar
16:36 Wheelbarrow
16:33 Double-Bit Axe
21:21 Bloodlines
24:22 Castle Age
25:31 Husbandry
24:51 Light Cavalry
25:44 Bow Saw
29:32 Hand Cart
29:54 Heavy Plow
35:34 Imperial Age
34:00 Padded Archer Armor
35:11 Fletching
35:43 Circumnavigation
36:36 Masonry
38:02 Ballistics
37:05 Crossbowman
37:50 Thumb Ring
39:14 Leather Archer Armor
39:01 Gold Mining
41:14 Bodkin Arrow
41:00 Arbalester
44:23 Two-Man Saw
45:02 Ring Archer Armor
44:32 Bracer
44:39 Stone Mining
45:24 Bracer
46:09 Elite Organ Gun
48:13 Stone Shaft Mining
50:28 Forging
50:19 Scale Mail Armor
50:24 Scale Barding Armor
53:33 Iron Casting
53:14 Chain Mail Armor
53:19 Chain Barding Armor
52:26 Cavalier
52:53 Elite Organ Gun
53:34 Arquebus
54:47 Conscription
56:01 Blast Furnace
55:31 Plate Mail Armor
NOK
13:40 Feudal Age
17:30 Loom
19:55 Castle Age
18:03 Double-Bit Axe
18:51 Gold Mining
19:15 Horse Collar
23:43 Scale Barding Armor
25:15 Heavy Plow
31:22 Imperial Age
30:00 Bow Saw
29:32 Pikeman
32:07 Scale Mail Armor
33:48 Wheelbarrow
35:49 Halberdier
47:13 Cavalier
51:01 Two-Man Saw
51:32 Chain Barding Armor
53:56 Conscription
Connection lost

Rejoining the realm…

Still unreachable

The connection could not be restored.

Session expired

The server has moved on; the page needs a fresh start.